Map: New Repugnancy LE

Players

pHARM - Winner!

  • Race: Zerg Zerg
  • League: Platinum
  • Spawn Location: 1:00

buckets

  • Race: Terran Terran
  • League: Diamond
  • Spawn Location: 7:00

VOD

Have the link to the VOD?

Description

Time

  • Played on: Aug. 5, 2019, 1:40 a.m.
  • Length: 7:55
Show
View Real Time Build Order
Export as new Build Order

pHARM Zerg - Winner!

Build Orders: Hatch First 

Get SALT Encoding   

  12  0:01  Drone  
  13  0:14  Overlord  
  13  0:25  Drone  
  14  0:33  Drone x2  
  16  0:38  Drone  
  17  0:54  Hatchery  
  16  1:00  Drone  
  17  1:15  Spawning Pool  
  17  1:16  Drone  
  17  1:18  Drone  
  18  1:27  Drone  
  19  1:33  Drone  
  20  1:40  Extractor  
  20  1:42  Drone  
  20  1:54  Overlord  
  20  2:03  Queen  
  20  2:06  Queen  
  20  2:08  Zergling x4  
  26  2:15  Drone  
  28  2:22  Drone  
  28  2:30  Drone x2  
  30  2:39  Spore Crawler  
  30  2:45  Lair  
  30  2:50  Queen  
  32  2:52  Drone x4  
  36  3:04  Overlord  
  36  3:11  Evolution Chamber  
  35  3:16  Roach Warren  
  34  3:38  Zerg Missile Weapons Level 1  
  34  3:48  Evolution Chamber  
  34  3:54  Drone x11  
  34  3:55  Overlord  
  44  3:57  Glial Reconstitution  
  44  4:09  Extractor  
  43  4:10  Extractor  
  43  4:12  Drone  
  43  4:13  Drone x3  
  43  4:14  Drone  
  47  4:19  Overlord  
  47  4:20  Drone  
  48  4:45  Drone  
  48  4:46  Drone, Roach x5  
  60  4:59  Overlord x2  
  60  5:22  Baneling Nest  
  60  5:24  Spore Crawler  
  60  5:26  Drone x2, Spine Crawler  
  59  5:29  Drone  
  59  5:34  Spore Crawler  
  59  5:36  Spore Crawler  
  59  5:37  Drone  
  59  5:38  Drone x2  
  61  5:43  Roach, Spine Crawler  
  61  5:44  Roach x7  
  76  5:55  Drone, Spore Crawler  
  76  5:57  Overlord  
  76  6:14  Overlord x2, Hydralisk Den  
  75  6:23  Hatchery  
  75  6:25  Overlord  
  74  6:39  Roach x6  
  86  6:48  Roach x6  
Show
View Real Time Build Order
Export as new Build Order

buckets Terran 

Build Orders: Reaper Expand 

Get SALT Encoding   

  12  0:01  SCV  
  13  0:14  SCV  
  13  0:17  Supply Depot  
  14  0:26  SCV  
  15  0:39  SCV  
  15  0:42  Barracks  
  16  0:50  Refinery  
  16  1:05  SCV  
  17  1:17  SCV  
  18  1:31  Orbital Command  
  18  1:33  Reaper  
  19  1:45  Command Center  
  19  2:00  SCV  
  20  2:07  Barracks Reactor  
  20  2:28  Supply Depot  
  20  2:34  SCV  
  21  2:39  Refinery  
  20  2:44  Marine x2  
  20  2:48  SCV  
  23  3:00  SCV  
  23  3:02  Marine x2  
  26  3:12  SCV  
  27  3:15  Orbital Command  
  27  3:20  Factory  
  27  3:24  SCV  
  27  3:25  Orbital Command  
  28  3:35  Supply Depot  
  28  3:41  Marine x2  
  30  3:57  SCV  
  30  3:58  SCV  
  30  4:02  Marine x2  
  33  4:05  Orbital Command, Factory Tech Lab  
  33  4:06  Starport  
  33  4:09  SCV  
  35  4:10  Supply Depot  
  35  4:22  Marine x2  
  37  4:24  Siege Tank  
  40  4:35  SCV  
  40  4:36  SCV  
  40  4:37  Liberator  
  42  4:40  Marine x2  
  44  4:50  Supply Depot  
  46  4:58  Marine  
  46  4:59  Marine  
  49  5:15  SCV  
  49  5:16  Marine x2  
  52  5:26  Supply Depot  
  52  5:27  Siege Tank, SCV  
  56  5:33  Refinery  
  56  5:34  SCV  
  57  5:35  Refinery  
  57  5:39  SCV  
  58  5:45  Marine x2  
  58  5:46  SCV  
  58  5:49  Supply Depot  
  61  5:52  SCV  
  62  5:58  SCV  
  62  5:59  Siege Tank  
  66  6:05  Marine x2  
  68  6:20  Starport Tech Lab  
  68  6:22  SCV  
  69  6:30  Engineering Bay  
  69  6:31  Armory  
  69  6:33  Siege Tank  
  69  6:34  SCV  
  69  6:36  Marine x2  
  69  6:38  SCV  
  76  6:46  SCV  
  77  6:50  SCV  
  78  7:07  SCV x2  
Tags
 
Add a new tag
Caveats
  • Supply blocks, unpowered buildings, or Contaminate may cause inaccurate times.
  • Supply counts are checked every 10 seconds.